 Dungeon Crawl Stone Soup version 0.31.0-7-gf635a9b802 (webtiles) character file.

Game seed: 1831494689163247004

43077 Datul the Lord of Darkness (level 13, -9/92 HPs)
             Began as a Green Draconian Shapeshifter on Jan 23, 2024.
             Was the Champion of Kikubaaqudgha.
             Mangled by a catoblepas (28 damage)
             ... on level 5 of the Lair of Beasts.
             The game lasted 01:49:38 (18003 turns).

Datul the Lord of Darkness (DrSh)                  Turns: 18003, Time: 01:49:39

Health: -9/92      AC: 10    Str: 17    XL:     13   Next: 88%
Magic:  19/19      EV: 18    Int: 13    God:    Kikubaaqudgha [******]
Gold:   731        SH: 16    Dex: 13    Spells: 5/20 levels left

rFire   + .          .
                       - Unarmed
rCold   + . .        i - +5 Storm Queen's Shield {shock, Fly rElec}
rNeg    . . .        (body armour unavailable)
rPois   +            (helmet restricted)
rElec   +            t - scarf {rC+ rF+}
rCorr   .            P - +0 pair of gloves
SInv    .            O - +0 pair of boots
Will    .....        j - amulet of faith
Stlth   +            g - +5 ring of evasion
HPRegen 0.35/turn    k - +4 ring of slaying
MPRegen 0.16/turn

%: clarity, faith
@: short of breath, maw-form, flying
A: devouring maw, reduced hp, breathe noxious fumes, AC +8, unfitting armour,
poison resistance, cold-blooded, clarity, wild magic 1
a: Breathe Noxious Fumes, Begin Untransformation, Renounce Religion, Unearth
Wretches, Torment, Brand Weapon With Pain, Receive Forbidden Knowledge


You were on level 5 of the Lair of Beasts.
You worshipped Kikubaaqudgha.
Kikubaaqudgha was exalted by your worship.
You were a creature with a mouth for a stomach.
You visited 2 branches of the dungeon, and saw 13 of its levels.
You also visited: Sewer and Bailey.

You collected 854 gold pieces.
You spent 123 gold pieces at shops.

Inventory:

Hand Weapons
 l - a +0 heavy sling
 G - a +1 falchion of pain
 J - a +0 demon whip of venom
Missiles
 a - 2 throwing nets
 o - 23 poisoned darts
 s - 17 boomerangs (quivered)
 H - 2 curare-tipped darts
Armour
 i - the +5 Storm Queen's Shield (worn) {shock, Fly rElec}
   (You acquired it on level 1 of the Lair of Beasts)

   Shock:     When it blocks an attack, it may electrocute the attacker.
   This works even against foes who are a short distance away.
   rElec:     It insulates you from electricity.
   Fly:       It grants you flight.
 t - a scarf of resistance (worn)
 O - a +0 pair of boots (worn)
 P - a +0 pair of gloves (worn)
Magical Staves
 e - a staff of conjuration
 S - a staff of death
Jewellery
 g - a +5 ring of evasion (left hand)
 j - an amulet of faith (around neck)
 k - a +4 ring of slaying (right hand)
 n - a ring of resist corrosion
 w - a +6 ring of dexterity
 K - a ring of protection from cold
 W - a ring of protection from fire
Talismans
 b - a beast talisman
 c - a flux talisman
 M - a maw talisman (active)
Wands
 u - a wand of polymorph (9)
 z - a wand of digging (4)
 D - a wand of roots (5)
 E - a wand of flame (10)
 I - a wand of paralysis (2)
 L - a wand of acid (7)
Scrolls
 d - a scroll of blinking
 y - a scroll of teleportation
 A - 3 scrolls of revelation
 N - a scroll of amnesia
 U - a scroll of enchant weapon {unknown}
 V - a scroll of identify
 X - a scroll of enchant armour {unknown}
Potions
 f - 3 potions of magic
 h - 3 potions of mutation
 m - a potion of attraction
 p - 3 potions of heal wounds
 q - a potion of cancellation
 r - 3 potions of curing
 v - a potion of lignification
 x - 3 potions of brilliance
 B - 5 potions of haste
 C - 2 potions of enlightenment
 F - a potion of resistance
 R - a potion of ambrosia {unknown}
 T - a potion of might
Miscellaneous
 Q - a condenser vane


   Skills:
 + Level 9.8 Fighting
 - Level 6.0 Dodging
 + Level 9.1 Shields
 - Level 8.8 Unarmed Combat
 - Level 4.3 Spellcasting
 + Level 12.3 Necromancy
 - Level 8.5 Earth Magic
 - Level 4.5 Alchemy
 * Level 8.1 Shapeshifting


You had 5 spell levels left.
You knew the following spells:

 Your Spells              Type           Power      Damage    Failure   Level
a - Cigotuvi's Dreadful   Necr/Alch/Air  44%        N/A       10%         2
b - Curse of Agony        Necr           45%        N/A       12%         5
c - Borgnjor's Vile Clut  Necr/Erth      19%        N/A       22%         5
d - Passwall              Erth           32%        N/A       6%          3

Your spell library contained the following spells:

 Spells                   Type           Power      Damage    Failure   Level
 Necrotise                Necr           100%       1d9       1%          1
 Sublimation of Blood     Necr           45%        N/A       1%          2
 Fugue of the Fallen      Necr           45%        N/A       1%          3
 Petrify                  Alch/Erth      25%        N/A       36%         4
 Anguish                  Hex/Necr       12%        N/A       41%         4
 Ensorcelled Hibernation  Hex/Ice        6%         N/A       63%         2
 Scorch                   Fire           6%         2d5       63%         2
 Dazzling Flash           Conj/Hex       6%         N/A       83%         3
 Swiftness                Air            3%         N/A       83%         3
 Volatile Blastmotes      Fire/Tloc      6%         2d10      83%         3
 Flame Wave               Conj/Fire      3%         2d5       99%         4
 Irradiate                Conj/Alch      5%         3d13      99%         5
 Death Channel            Necr           22%        N/A       47%         6
 Starburst                Conj/Fire      1%         6d3       100%        6
 Summon Cactus Giant      Summ           1%         N/A       100%        6
 Maxwell's Capacitive Co  Air            1%         ∞         100%        8


Dungeon Overview and Level Annotations

Branches:
Dungeon (8/15) Zot: 24585  Temple (0/1) D:4            Lair (5/5) D:8 Zot: 22951
 Shoals (0/4) Lair:2       Spider (0/4) Lair:2        Slime (0/5) Lair:5
  Sewer (visited)          Bailey (visited)

Altars:
Cheibriados
Gozag
Hepliaklqana
Kikubaaqudgha
Ru
Uskayaw
Vehumet
Xom
Zin

Shops:
D:5 :*   D:8 :

Annotations:
D:4 Dowan, Duvessa
Lair:3 exclusion: ice statue


Innate Abilities, Weirdness & Mutations

You are a creature with a mouth for a stomach.
Your midsection houses a second, enormous mouth.
Your maximum health is decreased, since you lack skill for your form.
You can breathe blasts of noxious fumes.
Your lurid green scales are hard. (AC +8)
You cannot fit into any form of body armour.
Your system is resistant to poisons. (rPois)
You are cold-blooded and may be slowed by cold attacks.
You possess an exceptional clarity of mind.
Your spells are a little harder to cast, but a little more powerful.


Message History

The catoblepas is almost dead.
You are engulfed in calcifying dust.
The catoblepas breathes a plume of calcifying dust at you.
The blast of calcifying dust hits you but does no damage.
You have turned to stone.
The catoblepas gores you but does no damage.
The catoblepas breathes a plume of calcifying dust at you.
The blast of calcifying dust hits you but does no damage.
You are engulfed in calcifying dust.
The catoblepas breathes a plume of calcifying dust at you.
The blast of calcifying dust hits you.
You are engulfed in calcifying dust.
The catoblepas gores you!!
* * * LOW HITPOINT WARNING * * *
You are engulfed in calcifying dust.
The catoblepas breathes a plume of calcifying dust at you.
The blast of calcifying dust hits you!
* * * LOW HITPOINT WARNING * * *
You are engulfed in calcifying dust.
The catoblepas breathes a plume of calcifying dust at you.
The blast of calcifying dust hits you but does no damage.
The catoblepas breathes a plume of calcifying dust at you.
The blast of calcifying dust hits you but does no damage.
You are engulfed in calcifying dust.
The catoblepas gores you!
* * * LOW HITPOINT WARNING * * *
You are engulfed in calcifying dust.
The catoblepas gores you.
* * * LOW HITPOINT WARNING * * *
You turn to flesh and can move again.
You take 22 damage, and have 19/92 hp.
MASSIVE DAMAGE!!
Unknown command.
Unknown command.
Aiming: Breathe Noxious Fumes (2% risk of failure)
Press: ? - help, Shift-Dir - straight line, f - you
Okay, then.
Aiming: Breathe Noxious Fumes (2% risk of failure)
Press: ? - help, Shift-Dir - straight line, f - you You exhale a blast of noxious fumes.
The blast of choking fumes hits you but does no damage.
The catoblepas gores you!!
You die...
Kikubaaqudgha rasps: "You have failed me!
Welcome... death!"

#.#.#####.#.#...#
##......#...####.#
#........#.#..##.##
#....#.#...#...#..
#.#.....#....##..#
#.....#...>......#
##.#.##......#...##
##...#.....##....#
##..#....#YW.#..#
#...##....####..#
##..#..#....##..P#
#...............##
####...........##
#...........##
..............#
P...♣♣......###
#..♣♣♣♣♣.....#####


You could see a catoblepas.

Vanquished Creatures
  A catoblepas (Lair:1)
  A vault guard (Bailey)
  4 hydras
  A two-headed ogre (D:5)
  3 death yaks (D:8)
  Amaemon (Lair:1)
  Pikel (D:7)
  2 lindwurms
  15 elephants
  A merfolk siren (Lair:2)
  7 cane toads
  Joseph (D:8)
  A torpor snail (Lair:1)
  4 black mambas
  An orange demon (Lair:1)
  Jeremiah (D:8)
  A rime drake (Lair:3)
  6 komodo dragons
  A freezing wraith (Lair:3)
  3 merfolk (Lair:2)
  4 polar bears
  A hornet (D:7)
  12 blink frogs
  Prince Ribbit (D:8)
  A wyvern (Lair:1)
  Grum (D:8)
  3 basilisks
  20 yaks
  A human (Bailey)
  Menkaure (D:6)
  12 water moccasins
  A swamp drake (D:7)
  8 ice beasts
  9 wolves
  2 ogres
  A lemure (D:7)
  A phantom (D:6)
  2 centaurs (D:5)
  2 kobold brigands (D:8)
  31 bullfrogs
  2 brain worms (Sewer)
  7 scorpions
  13 wights
  3 hounds
  3 bombardier beetles
  A gnoll bouda (D:8)
  14 jellies
  Crazy Yiuf (D:3)
  A sleepcap (D:6)
  4 orc wizards
  2 iguanas
  3 hell rats
  8 gnolls
  16 adders
  9 river rats
  A white imp (Lair:3)
  4 ufetubi
  3 dart slugs
  2 ribbon worms (Lair:2)
  8 orcs
  3 bats
  8 endoplasms
  18 giant cockroaches
  9 goblins
  6 hobgoblins
  3 jackals (D:2)
  16 kobolds
  3 quokkas
  9 ball pythons
  11 frilled lizards
  14 rats
375 creatures vanquished.

Vanquished Creatures (collateral kills)
  A cane toad (D:8)
  A wolf (D:8)
  A river rat (D:8)
  A quokka (D:8)
4 creatures vanquished.

Grand Total: 379 creatures vanquished

Notes
Turn   | Place    | Note
-------+----------+-------------------------------------------
     0 | D:1      | Datul the Draconian Shapeshifter began the quest for the
                  | Orb.
     0 | D:1      | Reached XP level 1. HP: 16/16 MP: 1/1
   349 | D:1      | Reached XP level 2. HP: 23/23 MP: 2/2
   436 | D:1      | Found a faded altar of an unknown god.
   457 | D:1      | Prayed at the altar of an unknown god.
   457 | D:1      | Became a worshipper of Kikubaaqudgha
   457 | D:1      | Reached * piety under Kikubaaqudgha
   457 | D:1      | Received a gift from Kikubaaqudgha
   747 | D:2      | Reached XP level 3. HP: 29/29 MP: 3/3
   869 | D:2      | Reached ** piety under Kikubaaqudgha
   938 | D:2      | Reached XP level 4. HP: 37/37 MP: 4/4
  1246 | D:3      | You fall into a shaft and drop 2 floors!
  1246 | D:5      | Entered Level 5 of the Dungeon
  1282 | D:5      | Found Xiqelyci's Tiny Tomes.
  1348 | D:3      | Reached XP level 5. HP: 44/45 MP: 5/5
  1845 | D:3      | Reached *** piety under Kikubaaqudgha
  1845 | D:3      | Received a gift from Kikubaaqudgha
  2008 | D:3      | Found a runed translucent door.
  2009 | D:3      | Noticed Crazy Yiuf
  2019 | D:3      | Gained mutation: You possess an exceptional clarity of
                  | mind. [potion of mutation]
  2019 | D:3      | Gained mutation: Your spells are a little harder to cast,
                  | but a little more powerful. [potion of mutation]
  2029 | D:3      | Killed Crazy Yiuf
  2369 | D:4      | Noticed Duvessa
  2369 | D:4      | Noticed Dowan
  2374 | D:4      | Found a staircase to the Ecumenical Temple.
  2416 | D:4      | Reached skill level 1 in Necromancy
  2416 | D:4      | Reached XP level 6. HP: 35/52 MP: 6/6
  2680 | D:4      | Paralysed by a kobold for 2 turns
  2912 | D:4      | Found a snail-covered altar of Cheibriados.
  3457 | D:5      | Reached skill level 2 in Necromancy
  3520 | D:5      | Noticed a two-headed ogre
  3610 | D:5      | Your scales start taking on a lurid green colour.
  3610 | D:5      | Reached XP level 7. HP: 60/60 MP: 7/7
  3610 | D:5      | Gained mutation: Your system is resistant to poisons.
                  | (rPois) [Green Draconian growth]
  3659 | D:5      | Reached skill level 5 in Unarmed Combat
  3729 | D:5      | Found Deddukh's General Store.
  3852 | D:5      | Reached skill level 5 in Shapeshifting
  3904 | D:5      | Bought a scroll of blinking for 97 gold pieces
  3904 | D:5      | Bought a scroll of identify for 26 gold pieces
  4025 | D:5      | Reached skill level 5 in Fighting
  4025 | D:5      | Reached skill level 3 in Necromancy
  4153 | D:5      | Found a glowing silver altar of Zin.
  4254 | D:5      | Killed a two-headed ogre
  4255 | D:5      | Reached skill level 4 in Necromancy
  4255 | D:5      | Reached XP level 8. HP: 61/70 MP: 8/8
  4642 | D:5      | Learned a level 2 spell: Cigotuvi's Dreadful Rot
  4660 | D:6      | Noticed Menkaure
  4668 | D:6      | Killed Menkaure
  4813 | D:6      | Reached skill level 5 in Necromancy
  4934 | D:6      | Reached **** piety under Kikubaaqudgha
  4959 | D:6      | Found a glowing drain.
  4969 | Sewer    | Entered a sewer
  5011 | Sewer    | Reached XP level 9. HP: 78/78 MP: 9/9
  5506 | D:7      | Reached skill level 1 in Alchemy
  5529 | D:7      | Found a radiant altar of Vehumet.
  5529 | D:7      | Found a hide-covered altar of Uskayaw.
  5588 | D:7      | Found a sacrificial altar of Ru.
  5589 | D:7      | Found a shimmering altar of Xom.
  5596 | D:7      | Found a hazy altar of Hepliaklqana.
  5599 | D:7      | Found an opulent altar of Gozag.
  5885 | D:7      | Identified the +2 robe "Dol Vipp" {Will- Int+4}
  6781 | D:4      | Reached skill level 6 in Necromancy
  7611 | D:7      | Noticed Pikel
  7631 | D:7      | Killed Pikel
  8008 | D:8      | Noticed a death yak
  8137 | D:8      | Found a flagged portal.
  8137 | D:8      | Noticed a death yak
  8142 | Bailey   | Entered a bailey
  8154 | Bailey   | Reached XP level 10. HP: 76/85 MP: 10/10
  8243 | Bailey   | Reached ***** piety under Kikubaaqudgha
  8297 | Bailey   | Reached skill level 7 in Necromancy
  8465 | Bailey   | Noticed a vault guard
  8591 | Bailey   | Noticed a vault guard
  8601 | Bailey   | Killed a vault guard
  8602 | Bailey   | Reached skill level 5 in Dodging
  8705 | D:8      | Noticed a death yak
  8835 | D:8      | Noticed Joseph
  8845 | D:7      | Learned a level 5 spell: Curse of Agony
  9242 | D:8      | Noticed Grum
  9254 | D:8      | Killed Grum
  9272 | D:8      | Killed a death yak
  9273 | D:8      | Reached skill level 8 in Necromancy
  9288 | D:8      | Killed a death yak
  9497 | D:8      | Found a staircase to the Lair.
  9574 | Lair:1   | Entered Level 1 of the Lair of Beasts
  9574 | Lair:1   | Noticed a cane toad
  9575 | Lair:1   | Reached skill level 9 in Necromancy
  9575 | Lair:1   | Reached XP level 11. HP: 91/91 MP: 10/17
  9591 | D:8      | Reached XP level 12. HP: 39/98 MP: 2/18
  9836 | Lair:1   | Reached skill level 10 in Necromancy
  9850 | Lair:1   | Learned a level 5 spell: Borgnjor's Vile Clutch
  9854 | Lair:1   | Learned a level 3 spell: Passwall
 10248 | Lair:1   | Identified a scroll of acquirement
 10248 | Lair:1   | Acquired the +5 Storm Queen's Shield {shock, Fly rElec}
 10248 | Lair:1   | Found the +5 Storm Queen's Shield {shock, Fly rElec}
 10609 | D:8      | Found Fideazuu's Book Shop.
 10624 | D:8      | Noticed Prince Ribbit
 10750 | D:8      | Noticed Jeremiah
 10798 | D:8      | Killed Jeremiah
 10799 | D:8      | Reached skill level 1 in Shields
 10994 | D:8      | Killed Joseph
 10995 | D:8      | Reached skill level 1 in Earth Magic
 11069 | D:8      | Killed Prince Ribbit
 11185 | D:8      | Killed a death yak
 11498 | Lair:1   | Noticed a catoblepas
 11553 | Lair:1   | Killed a catoblepas
 11872 | Lair:1   | Noticed Amaemon
 11948 | Lair:1   | Paralysed by Amaemon for 5 turns
 11955 | Lair:1   | Killed Amaemon
 12494 | Lair:2   | Noticed an eight-headed hydra
 12537 | Lair:2   | Reached skill level 5 in Shields
 12543 | Lair:2   | Reached skill level 5 in Earth Magic
 13005 | Lair:2   | Noticed an eight-headed hydra
 13029 | Lair:2   | Killed an eight-headed hydra
 13213 | Lair:2   | Found a hole to the Spider Nest.
 13407 | Lair:2   | Killed an eight-headed hydra
 13618 | Lair:2   | Found a staircase to the Shoals.
 14006 | Lair:2   | Reached XP level 13. HP: 59/111 MP: 19/19
 14214 | Lair:3   | Reached skill level 11 in Necromancy
 14229 | Lair:3   | Reached ****** piety under Kikubaaqudgha
 16234 | Lair:4   | Found a snail-covered altar of Cheibriados.
 16670 | Lair:4   | Reached skill level 12 in Necromancy
 17368 | Lair:5   | Entered Level 5 of the Lair of Beasts
 17807 | Lair:5   | Found a staircase to the Slime Pits.
 18003 | Lair:5   | Mangled by a catoblepas

Illustrated notes

Levels and vault maps discovered:
D:1:      minmay_arrival_split_and_join, layout_basic,
          ebering_ecumenical_altar_mist, hangedman_abyss_or_decor_lesser_grid
D:2:      minmay_roachtagon, layout_rooms, serial_forest,
          infiniplex_forest_straight_2, infiniplex_forest_zigzag_1,
          infiniplex_forest_clump_C, infiniplex_forest_lined_2,
          infiniplex_forest_corner_1, infiniplex_forest_pool
D:3:      layout_basic, nicolae_the_louvre, uniq_crazy_yiuf_cottage
D:4:      layout_basic, lemuel_coloured_pillars_altar,
          minmay_temple_entry_wispy, uniq_duvessa
D:5:      layout_rooms, zin_treasury, nicolae_inconvenience_store,
          kennysheep_donut, nicolae_shop_i_like_small_books_too,
          nicolae_kite_square_tiling_tiny, dk_rats_in_the_wall
D:6:      layout_basic, portal_sewer_entry_b, nicolae_zig_zag_zippers,
          uniq_menkaure
D:7:      layout_cave_pods, nicolae_overflow_hallway_of_the_gods, uniq_pikel
D:8:      layout_cave_pods, dpeg_lair_monsters, enter_bailey_2, serial_shops,
          nicolae_shop_back_alley_shop, uniq_grum, uniq_prince_ribbit1,
          uniq_joseph, uniq_jeremiah
Lair:1:   layout_big_grid, lemuel_fruit_fields, infiniplex_staircase_pool,
          uniq_amaemon
Lair:2:   layout_chaotic_city, elwin_shoals_entry_stream,
          nicolae_spider_entry_non_spiders, beast_lair_carwin_1
Lair:3:   layout_cave_pods, ice2_lemuel, lemuel_fruit_tree, lemuel_fruit_fields
Lair:4:   layout_regular_city, basic_altar, nicolae_lair_lindhole,
          grunt_megastairs_1, serial_bayou_shore_b
Lair:5:   cheibrodos_lair_end_hotspot, layout_cellular_growth,
          minmay_slime_entry_jelly_boxes, nicolae_quartered_pool_super,
          st_stairs_9

Skill      XL: |  1  2  3  4  5  6  7  8  9 10 11 12 13 |
---------------+----------------------------------------+-----
Fighting       | 2 3 4 6 7 8 9 |  9.8
Unarmed Combat | 4 6 8 |  8.8
Shapeshifting  | 4 5 6 7 8 |  8.1
Necromancy     | 1 2 4 5 6 9 10 12 | 12.3
Dodging        | 4 6 |  6.0
Alchemy        | 4 |  4.5
Spellcasting   | 4 |  4.3
Shields        | 6 9 |  9.1
Earth Magic    | 6 8 |  8.5

Action                     |  1- 3 |  4- 6 |  7- 9 | 10-12 | 13-15 || total
---------------------------+-------+-------+-------+-------+-------++-------
  Melee: Spear             |   113 |   142 |   326 |       |       ||   581
         Unarmed           |     5 |       |    14 |   378 |   319 ||   716
         Tailslap          |    11 |    12 |    43 |    71 |    73 ||   210
         Punch             |     3 |     4 |     8 |    11 |       ||    26
         Maw               |       |       |       |       |    45 ||    45
   Fire: Sling             |       |       |       |     6 |       ||     6
  Throw: Dart              |       |     8 |     3 |       |       ||    11
         Boomerang         |       |       |     3 |     3 |       ||     6
   Cast: Cigotuvi's Dreadf |       |       |     2 |    18 |       ||    20
         Curse of Agony    |       |       |       |     6 |       ||     6
         Passwall          |       |       |       |     1 |     4 ||     5
 Invoke: Torment           |       |       |       |     1 |       ||     1
Ability: Breathe Noxious F |       |       |    13 |    23 |     5 ||    41
         Begin Untransform |       |       |       |       |     1 ||     1
  Evoke: Wand              |       |       |     9 |     6 |       ||    15
    Use: Potion            |       |     3 |     2 |     2 |       ||     7
         Scroll            |       |     1 |    14 |    10 |     4 ||    29
   Stab: Sleeping          |     1 |     2 |     1 |       |     1 ||     5
         Confused          |       |       |     9 |     9 |     2 ||    20
         Paralysed         |       |       |     3 |       |       ||     3
         Petrified         |       |       |       |     1 |       ||     1
         Petrifying        |       |       |       |       |     2 ||     2
 Armour: Skin              |    30 |    47 |   144 |   213 |   143 ||   577
  Dodge: Dodged            |    65 |    68 |   209 |   286 |   141 ||   769
  Block: Kite shield       |       |       |       |   156 |   250 ||   406
   Form: Maw               |       |       |       |       |     1 ||     1
